 Dungeon Crawl Stone Soup version 0.30-a0-949-g53dc5368d7 (webtiles) character file.

Game seed: 17546606846391954602

70842 retardedninja the Severer (level 14, -4/129 HPs)
             Began as an Armataur Fighter on Mar 27, 2023.
             Was an Initiate of Gozag.
             Collided with a rock wall (9 damage)
             ... caused by a deep elf knight
             ... on level 14 of the Dungeon.
             The game lasted 00:27:50 (20552 turns).

retardedninja the Severer (Armataur Fighter)       Turns: 20552, Time: 00:27:51

Health: -4/129     AC: 22    Str: 26    XL:     14   Next: 95%
Magic:  14/14      EV: 15    Int:  8    God:    Gozag
Gold:   1297       SH:  0    Dex: 11    Spells: 13/13 levels left

rFire   . . .      SeeInvis .    D - +9 war axe
rCold   . . .      Faith    .    w - +2 buckler {reflect}
rNeg    . . .      Spirit   .    a - +3 plate armour {rPois}
rPois   +          Reflect  +    i - +0 helmet
rElec   .          Roll     +    f - +1 cloak
rCorr   .                        y - +0 pair of gloves
Will    +....                    (no barding) Stlth
                                 E - amulet of the acrobat
HPRegen 0.41/turn                G - +5 ring of evasion
MPRegen 0.14/turn                O - +5 ring of evasion

@: confused, ambrosia-drunk
A: large, rugged brown scales 3, deformed body, armoured tail, roll, long
tongue, awkward tongue
a: Renounce Religion, Potion Petition, Call Merchant, Bribe Branch


You were on level 14 of the Dungeon.
You worshipped Gozag.
Gozag was most pleased with you.
You visited 3 branches of the dungeon, and saw 16 of its levels.
You also visited: Ossuary.

You collected 2890 gold pieces.
You spent 1495 gold pieces at shops.
You paid 98 gold pieces to Gozag.

Inventory:

Hand Weapons
 D - a +9 war axe (weapon)
Armour
 a - a +3 plate armour of poison resistance (worn)
 f - a +1 cloak (worn)
 i - a +0 helmet (worn)
 s - a +2 pair of gloves
 w - a +2 buckler of reflection (worn)
 y - a +0 pair of gloves (worn)
Jewellery
 z - an amulet of reflection
 E - an amulet of the acrobat (around neck)
 G - a +5 ring of evasion (left hand)
 O - a +5 ring of evasion (right hand)
Wands
 b - a wand of quicksilver (11)
 c - a wand of polymorph (7)
 e - a wand of roots (10)
 h - a wand of flame (28)
 A - a wand of charming (11)
 J - a wand of mindburst (2)
Scrolls
 g - a scroll of blinking
 k - 2 scrolls of poison
 o - a scroll of summoning
 q - 7 scrolls of magic mapping
 t - 9 scrolls of teleportation
 v - a scroll of identify
 x - 3 scrolls of fog
 B - 3 scrolls of amnesia
 C - a scroll of immolation
 H - a scroll of vulnerability
 K - a scroll of torment
Potions
 d - 4 potions of might
 l - 4 potions of brilliance
 m - 4 potions of flight
 n - 7 potions of curing
 p - 3 potions of mutation
 r - 3 potions of heal wounds
 u - a potion of cancellation
 I - 8 potions of ambrosia
 L - a potion of haste
 N - 2 potions of attraction
Miscellaneous
 j - a box of beasts (inert)


   Skills:
 + Level 10.0 Fighting
 * Level 15.1 Axes
 + Level 12.9 Armour
 + Level 11.8 Shields


You had 13 spell levels left.
You didn't know any spells.
Your spell library contained the following spells:

 Spells                   Type           Power      Damage    Failure   Level
 Apportation              Tloc           0%         N/A       98%         1
 Freeze                   Ice            0%         1d3       98%         1
 Sting                    Tmut/Pois      0%         1d3       98%         1
 Summon Small Mammal      Summ           0%         N/A       98%         1
 Cigotuvi's Dreadful Rot  Necr/Pois/Air  0%         N/A       99%         2
 Poisonous Vapours        Pois/Air       0%         N/A       99%         2
 Sublimation of Blood     Necr           0%         N/A       99%         2
 Call Canine Familiar     Summ           0%         N/A       100%        3
 Frozen Ramparts          Ice            0%         1d1       100%        3
 Hailstorm                Conj/Ice       0%         3d3       100%        3
 Ignite Poison            Fire/Tmut/Pois 0%         N/A       100%        3
 Mephitic Cloud           Conj/Pois/Air  0%         N/A       100%        3
 Summon Guardian Golem    Hex/Summ       0%         N/A       100%        3
 Tukima's Dance           Hex            0%         N/A       100%        3
 Vhi's Electric Charge    Tloc/Air       0%         N/A       100%        3
 Flame Wave               Conj/Fire      0%         2d4       100%        4
 Olgreb's Toxic Radiance  Pois           0%         N/A       100%        4
 Passage of Golubria      Tloc           0%         N/A       100%        4
 Petrify                  Tmut/Erth      0%         N/A       100%        4
 Alistair's Intoxication  Tmut/Pois      0%         N/A       100%        5
 Arcjolt                  Conj/Air       0%         1d10      100%        5
 Borgnjor's Vile Clutch   Necr/Erth      0%         N/A       100%        5
 Freezing Cloud           Conj/Ice/Air   0%         6-21      100%        5
 Irradiate                Conj/Tmut      0%         3d11      100%        5
 Summon Forest            Summ/Tloc      0%         N/A       100%        5
 Summon Mana Viper        Hex/Summ       0%         N/A       100%        5
 Yara's Violent Unravell  Hex/Tmut       0%         3d3       100%        5
 Conjure Ball Lightning   Conj/Air       0%         3x3d6     100%        6
 Death Channel            Necr           0%         N/A       100%        6
 Summon Cactus Giant      Summ           0%         N/A       100%        6
 Enfeeble                 Hex            0%         N/A       100%        7
 Maxwell's Capacitive Co  Air            0%         ∞         100%        8
 Animate Dead             Necr           Unusable   N/A       N/A         4

Dungeon Overview and Level Annotations

Branches:
Dungeon (14/15)            Temple (1/1) D:6            Lair (1/5) D:9
    Orc (0/2) D:12         Vaults (0/5) D:14        Ossuary (visited)

Altars:
Ashenzari
Cheibriados
Dithmenos
Elyvilon
Fedhas
Gozag
Hepliaklqana
Kikubaaqudgha
Makhleb
Nemelex Xobeh
Okawaru
Qazlal
Ru
Sif Muna
Trog
Uskayaw
Vehumet
Wu Jian
Xom
Yredelemnul
Zin
The Shining One

Shops:
D:4 [![   D:7 [   D:13 :

Annotations:
D:9 1 runed translucent door, Zonian's ghost, journeyman TeGl


Innate Abilities, Weirdness & Mutations

You are completely covered in rugged brown scales. (AC +3, +7% HP)
Armour fits poorly on your strangely shaped body.
You have a long armoured tail.
You roll when moving toward enemies. (Rampage)
Your long tongue fully drains potion bottles. (2x potion effects)
Your tongue gives you trouble enunciating. (1.5x scroll delay)


Message History

You slash the deep elf pyromancer!
Your tail-slap misses the deep elf pyromancer.
The deep elf pyromancer is moderately wounded.
You barely miss something. Something hits you.
Unknown command.
You slash the deep elf pyromancer!
The deep elf pyromancer is severely wounded.
You miss something.
The deep elf zephyrmancer is no longer distracted by gold.
Something hits you!
The skeletal warrior completely misses you.
The deep elf pyromancer gestures at you while chanting.
The bolt of fire misses you.
You bump into the rock wall.
You hear some strange, mumbled words.
A shard of ice appears from out of thin air!
The shard of ice hits you!!
A deep elf zephyrmancer comes into view.
It is wielding a +0 long sword.
The skeletal warrior hits you but does no damage.
The deep elf pyromancer gestures wildly while chanting.
The deep elf pyromancer hits you with the +7 great sword "Qafuomux" {heavy, rElec rPois rC+ rCorr}!!
* * * LOW HITPOINT WARNING * * *
The deep elf zephyrmancer casts a spell.
The deep elf zephyrmancer blinks!
You hear some strange, mumbled words.
A shard of ice appears from out of thin air!
The shard of ice misses you.
Unknown command.
The deep elf pyromancer is no longer distracted by gold.
Something misses you.
Unknown command.
You bump into the rock wall.
You hear some strange, mumbled words.
A lance of force appears from out of thin air!
The lance of force hits you!!
* * * LOW HITPOINT WARNING * * *
You are knocked back by the lance of force.
You slam into the rock wall!
You die...
Your body crumbles into a pile of gold.

# #........... ..... ...
#...§.......E.e.. ....
#...§..#..#.e#§.#e.#..
####..........°☼eze......
.......# ##$#
.......####### #{e#
<##..........# #.##
....#..#####.###.####
....#..# #....@...#
.......# ########.#
......## ######.####
.#.#### #.........#
......########.##.#..#.#
......#.....# #.#..#.#
##.#..#....[## #....#.#
#...........##.##.##.#.#
...#..#.....##.........#


You could see a skeletal warrior, 2 deep elf pyromancers and a deep elf
zephyrmancer.

Vanquished Creatures
  Fannar (D:10)
  A hydra (D:13)
  A vault guard (D:14)
  2 centaur warriors
  A catoblepas (D:9)
  2 boulder beetles
  A death knight (D:14)
  3 two-headed ogres
  5 tengu warriors
  Nergalle (D:10)
  5 skeletal warriors
  2 wizards (D:14)
  2 necromancers (D:14)
  Pikel (D:6)
  3 deep elf pyromancers (D:14)
  A deep elf zephyrmancer (D:14)
  2 ugly things
  2 cyclopes
  Maurice (D:11)
  A gargoyle (D:9)
  An unseen horror (D:11)
  Maggie (D:9)
  2 tengu conjurers
  A queen bee (D:12)
  3 meliai (D:12)
  3 trolls
  Prince Ribbit (D:5)
  Grinder (D:5)
  A hornet (D:10)
  Sigmund (D:6)
  A spriggan (shapeshifter) (D:9)
  5 wyverns (D:9)
  2 wraiths
  3 shadows
  19 humans (D:14)
  Eustachio (D:6)
  A basilisk (D:9)
  Grum (D:10)
  19 yaks
  A steam dragon (D:7)
  6 vampire mosquitoes
  An acid dragon (D:11)
  9 water moccasins
  5 orc warriors
  5 sky beasts
  4 black bears
  An ice beast (D:7)
  4 wolves
  2 centaurs
  3 ogres
  2 kobold brigands (D:12)
  5 bullfrogs
  8 gnoll sergeants
  2 scorpions
  12 wights
  28 killer bees
  6 howler monkeys
  A centaur zombie (Ossuary)
  7 orc priests
  3 jellies
  4 hounds
  A sleepcap (D:5)
  8 iguanas
  A gnoll bouda (D:5)
  12 orc wizards
  Natasha (thrice) (D:2)
  2 mummies (Ossuary)
  23 gnolls
  7 adders
  4 worms
  2 dart slugs
  43 orcs
  5 ball pythons
  8 endoplasms
  2 giant cockroaches (D:1)
  7 goblins
  14 hobgoblins
  5 quokkas
  6 bats
  5 frilled lizards
  2 goblin zombies
  13 hobgoblin zombies (Ossuary)
  A jackal zombie (Ossuary)
  9 kobolds
  10 kobold zombies (Ossuary)
  7 orc zombies (Ossuary)
  A quokka zombie (D:4)
  4 rats
  3 rat zombies (Ossuary)
432 creatures vanquished.

Vanquished Creatures (collateral kills)
  A vault guard (D:14)
1 creature vanquished.

Vanquished Creatures (others)
  An unseen horror (D:10)
  A kobold brigand (D:8)
  11 plants (D:9)
13 creatures vanquished.

Grand Total: 446 creatures vanquished

Notes
Turn   | Place    | Note
-------+----------+-------------------------------------------
     0 | D:1      | retardedninja the Armataur Fighter began the quest for the
                  | Orb.
     0 | D:1      | Reached XP level 1. HP: 19/19 MP: 1/1
   194 | D:1      | Reached XP level 2. HP: 26/26 MP: 2/2
   209 | D:1      | Found a faded altar of an unknown god.
   395 | D:1      | Reached skill level 2 in Axes
   690 | D:2      | Reached XP level 3. HP: 32/32 MP: 3/3
   771 | D:2      | Noticed Natasha
   780 | D:2      | Killed Natasha
  1312 | D:2      | Reached XP level 4. HP: 36/40 MP: 4/4
  1400 | D:2      | Noticed Natasha
  1405 | D:2      | Killed Natasha
  1825 | D:2      | Noticed Natasha
  1846 | D:2      | Killed Natasha
  1847 | D:2      | Reached skill level 3 in Axes
  1847 | D:2      | Reached XP level 5. HP: 20/48 MP: 5/5
  2483 | D:3      | Found a glowing golden altar of the Shining One.
  2718 | D:3      | Became a worshipper of the Shining One
  2786 | D:3      | Reached XP level 6. HP: 43/55 MP: 6/6
  3199 | D:3      | Found a shimmering altar of Xom.
  3370 | D:4      | Found Buam's Distillery.
  3444 | D:4      | Found Caujioh's Armour Shoppe.
  3450 | D:4      | Reached skill level 5 in Armour
  3490 | D:4      | Found a sand-covered staircase.
  3508 | Ossuary  | Entered an ossuary
  3519 | Ossuary  | Reached * piety under the Shining One
  3562 | Ossuary  | Reached ** piety under the Shining One
  3855 | Ossuary  | Reached *** piety under the Shining One
  4109 | D:4      | Found Yrraf's Antique Armour Emporium.
  4114 | D:4      | Reached skill level 4 in Axes
  4473 | D:5      | Entered Level 5 of the Dungeon
  4485 | D:5      | Reached XP level 7. HP: 56/63 MP: 7/7
  4556 | D:5      | Noticed Prince Ribbit
  4588 | D:5      | Killed Prince Ribbit
  4589 | D:5      | Reached skill level 5 in Shields
  4994 | D:5      | Reached **** piety under the Shining One
  5015 | D:5      | Reached skill level 5 in Axes
  5128 | D:5      | Noticed Grinder
  5129 | D:5      | Reached XP level 8. HP: 71/71 MP: 8/8
  5132 | D:5      | Paralysed by Grinder for 4 turns
  5152 | D:5      | Killed Grinder
  5153 | D:5      | Reached skill level 5 in Fighting
  5395 | D:6      | Found a burning altar of Makhleb.
  5462 | D:6      | Noticed Pikel
  5468 | D:6      | Killed Pikel
  5469 | D:6      | Reached skill level 6 in Axes
  5469 | D:6      | Reached XP level 9. HP: 62/79 MP: 9/9
  5801 | D:6      | Noticed Sigmund
  5810 | D:6      | Killed Sigmund
  5811 | D:6      | Reached skill level 7 in Axes
  5982 | D:6      | Noticed Eustachio
  6003 | D:6      | Killed Eustachio
  6150 | D:6      | Found a staircase to the Ecumenical Temple.
  6472 | Temple   | Entered the Ecumenical Temple
  6781 | Temple   | Fell from the grace of the Shining One
  6781 | Temple   | Became a worshipper of Gozag Ym Sagoz the Greedy
  7380 | D:7      | Found Hiostiyg's Antique Armour Shoppe.
  8086 | D:7      | Identified the +5 arbalest "Batuozush" {penet, Will++
                  | Str+4}
  8218 | D:7      | Reached XP level 10. HP: 87/89 MP: 10/10
  8233 | D:7      | Reached skill level 8 in Axes
  9335 | D:4      | Bought a +1 plate armour of poison resistance for 416 gold
                  | pieces
 10886 | D:9      | Found a staircase to the Lair.
 10917 | D:9      | Reached skill level 9 in Axes
 11390 | D:9      | Noticed a catoblepas
 11390 | D:9      | Noticed Maggie
 11390 | D:9      | Noticed a tengu warrior
 11392 | D:9      | Noticed a gargoyle
 11535 | D:9      | Killed a catoblepas
 11536 | D:9      | Reached XP level 11. HP: 76/98 MP: 11/11
 11854 | D:9      | Reached skill level 10 in Armour
 11854 | D:9      | Killed Maggie
 11902 | D:9      | Killed a tengu warrior
 12016 | D:9      | Found a runed translucent door.
 12022 | D:9      | Noticed Zonian's ghost (journeyman TeGl)
 12409 | D:9      | Got Sif Muna's Anthology of Combustive Electricity
 12680 | D:10     | Entered Level 10 of the Dungeon
 12680 | D:10     | Noticed Fannar
 12702 | D:10     | Killed Fannar
 13043 | D:10     | Noticed Nergalle
 13056 | D:10     | Killed Nergalle
 13057 | D:10     | Reached skill level 10 in Axes
 13362 | D:10     | Paralysed by a hornet for 2 turns
 13421 | D:10     | Noticed Grum
 13435 | D:10     | Killed Grum
 14556 | D:11     | Reached skill level 10 in Shields
 15297 | D:11     | Noticed a two-headed ogre
 15301 | D:11     | Killed a two-headed ogre
 15390 | D:11     | Noticed Maurice
 15413 | D:11     | Killed Maurice
 15414 | D:11     | Reached XP level 12. HP: 84/110 MP: 12/12
 15489 | D:11     | Noticed a two-headed ogre
 15495 | D:11     | Killed a two-headed ogre
 16121 | Lair:1   | Entered Level 1 of the Lair of Beasts
 16502 | D:4      | Bought a potion of experience for 650 gold pieces
 16502 | D:4      | Bought a potion of haste for 130 gold pieces
 16502 | D:4      | Bought a potion of might for 52 gold pieces
 16502 | D:4      | Bought a potion of heal wounds for 65 gold pieces
 16502 | D:4      | Bought a potion of might for 52 gold pieces
 16502 | D:4      | Bought a potion of haste for 130 gold pieces
 16502 | D:4      | Reached skill level 13 in Axes
 16502 | D:4      | Reached XP level 13. HP: 117/117 MP: 13/13
 16502 | D:4      | Reached XP level 14. HP: 124/124 MP: 14/14
 16698 | D:12     | Identified the +8 mace "Doneem" {drain, *Corrode rF+ rN+}
 16715 | D:12     | Reached skill level 14 in Axes
 17467 | D:12     | Found a staircase to the Orcish Mines.
 19107 | D:13     | You fall into a shaft and drop 1 floor!
 19274 | D:13     | Found Jigeif's Book Shop.
 20061 | D:14     | Found a gate to the Vaults.
 20095 | D:14     | Reached skill level 15 in Axes
 20514 | D:14     | Reached skill level 10 in Fighting
 20542 | D:14     | Identified the +7 great sword "Qafuomux" {heavy, rElec
                  | rPois rC+ rCorr}
 20552 | D:14     | HP: 5/129 [something/lance of force (29)]
 20552 | D:14     | Collided with a rock wall

Illustrated notes

Levels and vault maps discovered:
D:1:      dpeg_arrival_refuge, layout_loops_ring, basic_ecumenical_altar,
          minmay_split_cup_large
D:2:      layout_basic, uniq_natasha
D:3:      layout_loops_ring, marbit_many_paths,
          mainiacjoe_overflow_small_starburst
D:4:      layout_loops_ring, serial_shops, nicolae_shop_statue_plus, shop, shop,
          enter_ossuary_4
D:5:      layout_rooms, uniq_prince_ribbit1, uniq_grinder
D:6:      nicolae_BIG_FREAKIN_CUBE, layout_loops_ring,
          mainiacjoe_overflow_cross_hatched, temple_fountains,
          kennysheep_generic_room_2, uniq_pikel, uniq_eustachio, uniq_sigmund
D:7:      layout_cave_pods, serial_shops, shop, wad_floor_pattern_1
D:8:      layout_loops_ring, eino_small_chamber_without_monster
D:9:      minmay_the_grid_triangle_9x9_recursive_2_mashed
          [minmay_the_grid_triangle_9x9_prize_insulated,
          minmay_the_grid_triangle_9x9_from_above,
          minmay_the_grid_triangle_9x9_shrine,
          minmay_the_grid_triangle_9x9_swiss_cheese], layout_small_grid,
          minmay_lair_entry_grove, hellmonk_ghost_big_iron, uniq_maggie
D:10:     layout_rooms, uniq_grum, uniq_fannar, uniq_nergalle
D:11:     layout_roguey, uniq_maurice
D:12:     layout_roguey [special_room_bee],
          kennysheep_orc_monster_closet_entryway, nrook_loot_triangle
D:13:     layout_irregular_city, serial_shops, nicolae_lakefront_shop
D:14:     minmay_elf_outpost, layout_loops_cross, grunt_vaults_entry_tiered
Temple:   compressed_dpeg_triangle_lava_temple
Lair:1:   layout_cave_shapes, st_stairs_10

Skill      XL: |  1  2  3  4  5  6  7  8  9 10 11 12 13 14 |
---------------+-------------------------------------------+-----
Axes           | 2 3 4 5 6 7 9 10 13 15 | 15.1
Armour         | 4 5 6 7 8 9 11 12 | 12.9
Fighting       | 3 4 5 6 7 8 10 | 10.0
Shields        | 4 5 6 7 9 10 11 | 11.8

Action                     |  1- 3 |  4- 6 |  7- 9 | 10-12 | 13-15 || total
---------------------------+-------+-------+-------+-------+-------++-------
  Melee: War axe           |    93 |   238 |   263 |   474 |   462 ||  1530
         Tailslap          |     8 |    30 |    35 |    65 |    69 ||   207
  Evoke: Wand              |       |       |       |     8 |     5 ||    13
         Box of beasts     |       |       |       |       |     1 ||     1
    Use: Potion            |     1 |     1 |     5 |     7 |     4 ||    18
         Scroll            |       |     3 |       |    21 |     7 ||    31
   Stab: Petrified         |       |       |       |     6 |       ||     6
         Invisible         |       |       |       |     4 |       ||     4
         Distracted        |       |       |       |     2 |     3 ||     5
         Petrifying        |       |       |       |     1 |       ||     1
 Armour: Scale mail        |    51 |   102 |   109 |    32 |       ||   294
         Skin              |     2 |     3 |       |       |       ||     5
         Plate armour      |       |       |       |   274 |   181 ||   455
  Dodge: Dodged            |    36 |    77 |    63 |   139 |   244 ||   559
  Block: Buckler           |    22 |    46 |   146 |   260 |   187 ||   661
         Reflection        |       |       |     4 |     5 |     4 ||    13

Table legend: (Time is in decaauts)
 A = Elapsed time spent in this place.
 B = Non-inter-level travel time spent in this place.
 C = Inter-level travel time spent in this place.
 D = Time resting spent in this place.
 E = Time spent auto-exploring this place.
 F = Levels seen in this place.
 G = Mean time per level.
                   A        B        C        D        E       F      G
               +--------+--------+--------+--------+--------+-----+--------+
         Total |  20698 |  19451 |   1247 |   5418 |  10880 |  17 | 1217.5 |
       Dungeon |  19716 |  18538 |   1178 |   5219 |  10388 |  14 | 1408.3 |
        Temple |    325 |    310 |     15 |      0 |    267 |   1 |  325.0 |
          Lair |    233 |    179 |     54 |      0 |    119 |   1 |  233.0 |
       Ossuary |    422 |    422 |      0 |    199 |    106 |   1 |  422.0 |
               +--------+--------+--------+--------+--------+-----+--------+

Top non-repeatable levels by time:
     D:7: 2571 daAuts
     D:9: 2177 daAuts
    D:10: 1891 daAuts
    D:11: 1503 daAuts
     D:2: 1473 daAuts
    D:13: 1462 daAuts
     D:6: 1293 daAuts
    D:12: 1270 daAuts
     D:8: 1247 daAuts
     D:3: 1222 daAuts
    D:14: 1050 daAuts
     D:5: 974 daAuts
     D:4: 870 daAuts
     D:1: 705 daAuts
 Ossuary: 422 daAuts
